Map: Lightshade LE

Players

Has - Winner!

  • Race: Protoss Protoss

Rex

  • Race: Zerg Zerg
  • League: Grandmaster

Event: DreamHack SC2 Masters 2021 Summer

VOD

Have the link to the VOD?

Description

Time

  • Played on: May 20, 2021, 7:29 a.m.
  • Length: 10:01

All games in this series

Show
View Real Time Build Order
Export as new Build Order

Has Protoss - Winner!

Build Orders: 1 Gate Expand, Archon Immortal 

Get SALT Encoding   

  12  0:00  Probe  
  13  0:12  Probe  
  14  0:20  Pylon  
  14  0:24  Probe  
  15  0:29  Assimilator  
  15  0:38  Probe (Chrono Boost)  
  15  0:42  Gateway  
  16  0:48  Probe (Chrono Boost)  
  17  0:53  Probe (Chrono Boost)  
  18  1:04  Probe  
  19  1:16  Probe  
  20  1:24  Nexus  
  20  1:35  Cybernetics Core  
  20  1:37  Probe  
  21  1:43  Assimilator  
  21  1:51  Zealot (Chrono Boost)  
  23  2:19  Gateway  
  23  2:33  Adept (Chrono Boost)  
  25  2:43  Gateway  
  25  2:44  Warp Gate  
  25  2:50  Probe (Chrono Boost)  
  26  2:57  Probe (Chrono Boost)  
  27  2:59  Adept  
  27  3:01  Probe (Chrono Boost)  
  31  3:06  Probe x2 (Chrono Boost)  
  31  3:12  Pylon  
  32  3:17  Probe (Chrono Boost)  
  34  3:22  Probe (Chrono Boost)  
  34  3:24  Probe (Chrono Boost)  
  35  3:28  Probe  
  35  3:31  Probe  
  37  3:36  Stalker (Chrono Boost), Forge  
  37  3:40  Probe  
  40  3:44  Probe  
  39  3:52  Probe  
  38  3:56  Probe  
  38  3:57  Twilight Council  
  38  4:02  Assimilator  
  39  4:04  Probe  
  39  4:07  Protoss Ground Weapons Level 1 (Chrono Boost)  
  39  4:08  Probe  
  41  4:12  Pylon  
  41  4:17  Probe  
  42  4:21  Probe  
  43  4:29  Probe  
  44  4:32  Assimilator, Adept x2  
  44  4:33  Probe  
  49  4:44  Dark Shrine  
  50  4:46  Probe  
  50  4:48  Pylon  
  50  4:49  Probe  
  51  4:53  Nexus  
  51  4:58  Probe  
  52  5:04  Charge (Chrono Boost)  
  53  5:07  Zealot x2  
  53  5:09  Gateway  
  53  5:11  Gateway  
  52  5:19  Probe x2  
  54  5:24  Pylon  
  54  5:28  Zealot x2  
  58  5:31  Shield Battery  
  58  5:37  Probe x2  
  60  5:43  Robotics Facility  
  60  5:51  Probe x2  
  62  6:03  Probe, Dark Templar x2  
  67  6:04  Dark Templar  
  67  6:11  Probe, Adept  
  70  6:16  Probe  
  70  6:18  Protoss Ground Weapons Level 2 (Chrono Boost)  
  74  6:22  Gateway  
  74  6:23  Probe, Gateway  
  74  6:25  Gateway  
  74  6:32  Immortal  
  78  6:38  Probe x2  
  80  6:52  Probe  
  79  6:55  Dark Templar x2  
  79  6:56  Zealot  
  79  6:58  Pylon  
  79  6:59  Pylon  
  85  7:01  Archon  
  85  7:04  Pylon  
  85  7:07  Pylon  
  85  7:13  Warp Prism (Chrono Boost)  
  85  7:16  Probe  
  89  7:22  Probe  
  89  7:25  Dark Templar  
  89  7:26  Zealot x4  
  97  7:30  Dark Templar x2  
  97  7:32  Archon  
  97  7:35  Pylon  
  97  7:36  Probe x2  
  103  7:37  Probe  
  103  7:38  Archon  
  104  7:47  Pylon, Zealot  
  104  7:48  Zealot x3  
  112  7:52  Immortal  
  112  7:56  Pylon  
  116  7:58  Zealot  
  116  8:02  Probe  
  116  8:05  Zealot  
  116  8:06  Zealot  
  116  8:11  Probe x2  
  122  8:19  Zealot x4  
  114  8:20  Probe, Zealot  
  114  8:23  Probe  
  114  8:25  Probe  
  105  8:33  Immortal  
  103  8:39  Dark Templar x2  
  103  8:40  Zealot x5  
  105  8:48  Gateway  
  105  8:49  Archon  
  105  8:50  Gateway  
  105  8:58  Zealot, Dark Templar x2  
  105  9:02  Archon  
  107  9:19  Zealot x2  
  107  9:20  Zealot x3  
  107  9:21  Immortal  
  119  9:26  Zealot x2  
Show
View Real Time Build Order
Export as new Build Order

Rex Zerg 

Build Orders: Pool First 

Get SALT Encoding   

  12  0:17  Spawning Pool  
  11  0:22  Drone  
  11  0:26  Drone  
  13  0:30  Drone  
  14  0:40  Overlord  
  14  1:04  Zergling x4  
  16  1:05  Zergling x2  
  19  1:16  Zergling x2  
  20  1:19  Hatchery  
  17  1:26  Zergling x2  
  18  1:33  Queen  
  20  1:42  Overlord  
  20  1:48  Drone  
  21  1:59  Drone  
  21  2:09  Drone  
  21  2:12  Queen  
  24  2:23  Drone  
  25  2:31  Extractor  
  25  2:33  Drone  
  25  2:36  Drone  
  28  2:42  Drone  
  28  2:44  Drone x4  
  31  3:00  Hatchery  
  30  3:05  Drone  
  30  3:06  Drone x2  
  30  3:09  Drone  
  34  3:17  Drone  
  35  3:23  Overlord  
  35  3:24  Overlord  
  35  3:36  Metabolic Boost  
  35  3:44  Drone x6  
  40  3:51  Drone x3  
  40  3:55  Queen  
  45  3:56  Drone  
  45  3:58  Drone  
  47  4:07  Overlord  
  47  4:10  Overlord  
  47  4:13  Drone  
  48  4:19  Extractor  
  48  4:20  Drone  
  48  4:21  Drone, Roach Warren  
  47  4:26  Drone  
  47  4:27  Drone x4  
  52  4:33  Drone  
  52  4:34  Drone  
  52  4:36  Queen  
  52  4:37  Drone  
  57  4:42  Lair  
  57  4:44  Extractor  
  57  4:45  Zergling x4  
  58  4:46  Zergling x2  
  58  4:47  Zergling x2  
  58  4:49  Zergling x2  
  61  4:54  Overlord  
  61  5:05  Spore Crawler  
  57  5:15  Drone x4  
  62  5:21  Roach x4  
  62  5:22  Extractor, Overlord, Roach x2  
  62  5:26  Overlord  
  62  5:28  Overlord  
  73  5:31  Overlord  
  72  5:37  Overlord  
  72  5:40  Overlord  
  72  5:41  Glial Reconstitution  
  72  5:42  Roach x2  
  76  5:44  Roach  
  76  5:49  Roach x2  
  82  5:50  Overseer  
  82  5:52  Roach  
  82  5:55  Drone x2  
  86  5:58  Roach  
  88  6:04  Roach x3  
  94  6:12  Roach x4  
  94  6:18  Overlord  
  102  6:20  Zergling x6  
  102  6:22  Ravager x2  
  107  6:26  Zergling x6  
  107  6:31  Overlord  
  108  6:36  Overseer  
  100  6:47  Zergling x14  
  102  6:55  Drone x2  
  102  6:57  Drone  
  105  7:12  Roach x3  
  105  7:14  Drone  
  105  7:15  Drone  
  113  7:20  Overseer  
  110  7:23  Zergling x4  
  112  7:30  Ravager x2  
  112  7:35  Zergling x8  
  118  7:41  Drone x3  
  121  7:47  Drone x3  
  121  7:48  Drone  
  124  7:55  Zergling x2  
  124  7:56  Zergling x6  
  124  7:57  Ravager  
  129  8:02  Roach x2  
  130  8:10  Roach x3  
  110  8:23  Roach  
  110  8:24  Roach x4  
  110  8:25  Roach  
  100  8:28  Roach  
  100  8:30  Roach  
  100  8:31  Drone  
  94  8:36  Drone  
  94  8:37  Drone  
  89  8:41  Drone  
  89  8:45  Drone  
  89  8:46  Drone  
  91  8:51  Drone  
  92  8:57  Roach x2  
  92  9:02  Roach  
  96  9:05  Roach  
  96  9:09  Roach  
  92  9:13  Roach  
  92  9:16  Roach x2  
  91  9:17  Roach x5  
  91  9:19  Roach  
  91  9:23  Roach  
Tags
 
Add a new tag
Caveats
  • Supply blocks, unpowered buildings, or Contaminate may cause inaccurate times.
  • Supply counts are checked every 10 seconds.